 Dungeon Crawl Stone Soup version 0.28-a0-1190-g77e1c55843 (webtiles) character file.

Game seed: 9550367701496408870

93 chunkyMonkey the Sneak (level 4, -3/22 HPs)
             Began as a Vine Stalker Enchanter on Dec 18, 2021.
             Slain by a gnoll (7 damage)
             ... on level 3 of the Dungeon.
             The game lasted 00:05:45 (2818 turns).

chunkyMonkey the Sneak (Vine Stalker Enchanter)     Turns: 2818, Time: 00:05:46

Health: -3/22      AC:  2    Str: 13    XL:     4   Next: 62%
Magic:  0/9        EV:  6    Int: 15    God:
Gold:   41         SH:  0    Dex: 14    Spells: 7/9 levels left

rFire   . . .      SeeInvis +   j - +2 dagger (venom)
rCold   . . .      Faith    .   (no shield)
rNeg    . . .      Spirit   +   b - +0 robe
rPois   .          Reflect  .   (no helmet)
rElec   .          Harm     .   (no cloak)
rCorr   +          Rampage  .   (no gloves)
Will    .....                   (no boots)
Stlth   +++.......              l - amulet of regeneration
HPRegen 1.67/turn               d - ring of resist corrosion
MPRegen 0.11/turn               a - ring of see invisible

@: held
A: fangs 2, regeneration 1, magic shield, antimagic bite, no potion heal 2
a: no special abilities


You were on level 3 of the Dungeon.
You visited 1 branch of the dungeon, and saw 3 of its levels.

You collected 97 gold pieces.
You spent 56 gold pieces at shops.

Inventory:

Hand Weapons
 j - a +2 dagger of venom (weapon)
Armour
 b - a +0 robe (worn)
 f - a +0 chain mail of cold resistance
Jewellery
 a - a ring of see invisible (right hand)
 d - a ring of resist corrosion (left hand)
 l - an amulet of regeneration (around neck)
Scrolls
 e - a scroll of brand weapon {unknown}
 g - 3 scrolls of teleportation
 k - a scroll of identify
Potions
 c - a potion of invisibility
 h - 2 potions of curing {unknown}
 i - 3 potions of lignification {unknown}


   Skills:
 * Level 1.6 Fighting
 - Level 1.0 Short Blades
 + Level 1.0 Armour
 + Level 1.9 Dodging
 - Level 4.0 Stealth
 * Level 3.0 Spellcasting
 + Level 3.3 Hexes


You had 7 spell levels left.
You knew the following spells:

 Your Spells              Type           Power      Damage    Failure   Level
a - Ensorcelled Hibernat  Hex/Ice        14%        N/A       16%         2

Your spell library contained the following spells:

 Spells                   Type           Power      Damage    Failure   Level
 Confusing Touch          Hex            12%        N/A       16%         3
 Tukima's Dance           Hex            12%        N/A       16%         3
 Dazzling Flash           Conj/Hex       14%        N/A       30%         3
 Spider Form              Tmut/Pois      2%         N/A       52%         3


Dungeon Overview and Level Annotations

Branches:
Dungeon (3/15)

Altars:

Shops:
D:2 ?


Innate Abilities, Weirdness & Mutations

You have extremely sharp teeth.
Your natural rate of healing is unusually fast.
When hurt, damage is shared between your health and your magic reserves.
Your bite disrupts and absorbs the magic of your enemies.
Potions cannot restore your health.


Message History

Done exploring.
You see here a +0 flail.
There is an escape hatch in the floor here.
You slide downwards.
The hatch slams shut behind you.
The gnoll shouts! x2; The orc shouts!
The gnoll sergeant shouts!
The orc shouts!
You hear a shout!
Found a brass wand and 22 gold pieces.
You see here a scroll of identify.
Unknown command.
You can't go up here!
Unknown command.
k - a scroll of identify The gnoll sergeant barely misses you.
As you read the scroll of teleportation, it crumbles to dust.
You feel strangely unstable.
The gnoll sergeant hits you with a +2 spear of freezing!
The gnoll sergeant freezes you.
You hit the orc but do no damage.
The orc is poisoned.
The orc hits you with a +0 short sword.
A gnoll comes into view. It is wielding a +0 whip.
You hit the orc but do no damage.
The gnoll sergeant hits you with a +2 spear of freezing.
The gnoll sergeant freezes you. The orc hits you with a +0 club.
The orc hits you with a +0 short sword.
A gnoll comes into view. It is wielding a +0 spear.
The gnoll shouts!
You hit the orc.
You kill the orc!
The gnoll sergeant hits you with a +2 spear of freezing.
The gnoll sergeant freezes you.
You hit the orc.
The orc is poisoned.
Your bite misses the orc.
The orc is moderately wounded.
Your surroundings suddenly seem different.
A gnoll comes into view. It is wielding a +0 club.
Found 15 gold pieces and a tiny brass amulet.
The gnoll hits you from afar with a +0 spear.
* * * LOW HITPOINT WARNING * * *
The gnoll throws a throwing net.
The throwing net hits you.
You become entangled in the net!
The gnoll hits you with a +0 flail!
You die...

###############+#
$..#.$..#.......#
.....≈≈...@..g..#
...≈≈gg.g..g..#
#..gg#.........
#...o########..
"$##.)$# . #
#####


You could see a gnoll sergeant and 6 gnolls.

Vanquished Creatures
  4 gnolls
  An adder (D:2)
  A worm (D:1)
  An orc (D:3)
  2 endoplasms (D:1)
  4 giant cockroaches
  6 goblins
  2 hobgoblins
  2 quokkas
  8 ball pythons
  5 frilled lizards (D:1)
  6 kobolds
  2 rats
44 creatures vanquished.

Notes
Turn   | Place    | Note
-------+----------+-------------------------------------------
     0 | D:1      | chunkyMonkey the Vine Stalker Enchanter began the quest for
                  | the Orb.
     0 | D:1      | Reached XP level 1. HP: 9/9 MP: 4/4
   220 | D:1      | Found a faded altar of an unknown god.
   244 | D:1      | Reached skill level 1 in Short Blades
   332 | D:1      | Reached XP level 2. HP: 9/14 MP: 4/6
   343 | D:1      | Learned a level 2 spell: Ensorcelled Hibernation
  1842 | D:2      | Found Ostran's Magic Scroll Shop.
  1851 | D:2      | Reached XP level 3. HP: 17/17 MP: 5/7
  1887 | D:2      | Bought a scroll of identify for 28 gold pieces
  1887 | D:2      | Bought a scroll of identify for 28 gold pieces
  1951 | D:2      | Reached skill level 1 in Fighting
  2167 | D:2      | Reached skill level 4 in Stealth
  2254 | D:1      | Gained mutation: Your natural rate of healing is unusually
                  | fast. [Vine Stalker growth]
  2254 | D:1      | Reached XP level 4. HP: 22/22 MP: 9/9
  2408 | D:2      | Reached skill level 1 in Armour
  2812 | D:3      | Noticed a gnoll sergeant
  2818 | D:3      | Slain by a gnoll

Illustrated notes

Levels and vault maps discovered:
D:1:      dpeg_arrival_signposts, layout_loops_ring,
          nicolae_ecumenical_snake_handling, minmay_misc_feat_nine_boxes
D:2:      layout_basic, serial_glass, glass_columns_a, glass_columns_a,
          serial_shops, nicolae_shop_stone
D:3:      lemuel_castle_with_subvaults [lemuel_castle_interior_carwin_3],
          layout_rooms, serial_shops, nicolae_square_shop

Skill      XL: |  1  2  3  4 |
---------------+-------------+-----
Short Blades   | 1 |  1.0
Fighting       | 1 |  1.6
Stealth        | 4 |  4.0
Spellcasting   | 3 |  3.0
Armour         | 1 |  1.0
Dodging        | |  1.9
Hexes          | |  3.3

Action                   |  1- 3 |  4- 6 || total
-------------------------+-------+-------++-------
Melee: Dagger            |    87 |    23 ||   110
       Bite              |    13 |     6 ||    19
 Cast: Ensorcelled Hiber |     2 |       ||     2
  Use: Scroll            |     2 |     1 ||     3
 Stab: Sleeping          |     6 |     1 ||     7
Armor: Robe              |    16 |     2 ||    18
Dodge: Dodged            |    47 |    12 ||    59

Table legend: (Time is in decaauts)
 A = Elapsed time spent in this place.
 B = Non-inter-level travel time spent in this place.
 C = Inter-level travel time spent in this place.
 D = Time resting spent in this place.
 E = Time spent auto-exploring this place.
 F = Levels seen in this place.
 G = Mean time per level.
                   A        B        C        D        E       F      G
               +--------+--------+--------+--------+--------+-----+--------+
         Total |   2813 |   2742 |     71 |   1185 |   1129 |   3 |  937.7 |
       Dungeon |   2813 |   2742 |     71 |   1185 |   1129 |   3 |  937.7 |
               +--------+--------+--------+--------+--------+-----+--------+

Top non-repeatable levels by time:
     D:1: 1991 daAuts
     D:2: 816 daAuts
     D:3: 5 daAuts
